 Dungeon Crawl Stone Soup version 0.30-b1-5-g8e6c1be481 (webtiles) character file.

Game seed: 4242266726561672375

245 meatpath the Trooper (level 6, 0/40 HPs)
             Began as a Gargoyle Fighter on May 3, 2023.
             Slain by a gnoll
             ... wielding a +0 flail of protection
              (1 damage)
             ... on level 3 of the Dungeon.
             The game lasted 00:07:48 (2055 turns).

meatpath the Trooper (Gargoyle Fighter)             Turns: 2055, Time: 00:07:49

Health: 0/40       AC: 11    Str: 22    XL:     6   Next: 10%
Magic:  6/6        EV:  8    Int:  8    God:
Gold:   99         SH:  8    Dex:  9    Spells: 5/5 levels left

rFire   . . .        n - +0 morningstar
rCold   . . .        j - +0 kite shield
rNeg    + + .        b - +0 scale mail
rPois   ∞            (no helmet)
rElec   +            (no cloak)
rCorr   .            (no gloves)
SInv    .            (no boots)
Will    .....        (no amulet) Stlth
                     i - ring of positive energy
HPRegen 0.26/turn    (no ring)
MPRegen 0.10/turn

%: no passive effects
@: mighty
A: sickness immunity, AC +4, negative energy resistance 1, electricity
resistance, torment resistance 1, petrification resistance
a: no special abilities


You were on level 3 of the Dungeon.
You visited 1 branch of the dungeon, and saw 3 of its levels.

You collected 99 gold pieces.

Inventory:

Hand Weapons
 n - a +0 morningstar (weapon)
Armour
 b - a +0 scale mail (worn)
 j - a +0 kite shield (worn)
Jewellery
 i - a ring of positive energy (left hand)
Scrolls
 c - a scroll of noise
 f - 2 scrolls of enchant armour
 g - a scroll of silence
 l - a scroll of poison {unknown}
 m - a scroll of torment {unknown}
Potions
 e - a potion of mutation {unknown}
 k - 2 potions of curing {unknown}


   Skills:
 + Level 4.9 Fighting
 + Level 3.7 Maces & Flails
 - Level 3.7 Armour
 + Level 4.8 Shields


You had 5 spell levels left.
You didn't know any spells.
Your spell library contained the following spells:

 Spells                   Type           Power      Damage    Failure   Level
 Slow                     Hex            0%         N/A       94%         1
 Confusing Touch          Hex            0%         N/A       100%        3
 Ignite Poison            Fire/Tmut/Pois 0%         N/A       100%        3
 Vampiric Draining        Necr           0%         2d6       100%        3
 Freezing Cloud           Conj/Ice/Air   0%         6-21      100%        5
 Cigotuvi's Dreadful Rot  Necr/Pois/Air  Unusable   N/A       N/A         2

Dungeon Overview and Level Annotations

Branches:
Dungeon (3/15)

Altars:
Gozag


Innate Abilities, Weirdness & Mutations

You are immune to sickness and miasma.
Your stone body is resilient. (AC +4)
You are immune to poison.
You resist negative energy. (rN+)
You are resistant to electric shocks. (rElec)
You are resistant to unholy torment.
You are immune to petrification.


Message History

The gnoll completely misses you.
You hit the gnoll but do no damage.
The gnoll is moderately wounded.
You block the gnoll's attack. The gnoll closely misses you.
The gnoll hits you but does no damage.
The gnoll throws a stone.
The stone hits you but does no damage.
The gnoll throws a stone.
You block the stone. The gnoll attacks as you move away!
You block the gnoll's attack.
The orc shouts!
You hear a shout!
The gnoll throws a stone.
You block the stone.
You see here a jackal skeleton.
The gnoll attacks as you move away! The gnoll barely misses you.
You see here a jackal skeleton.
The gnoll attacks as you move away!
The gnoll hits you with a +0 flail of protection.
* * * LOW HITPOINT WARNING * * *
The gnoll attacks as you move away! You block the gnoll's attack.
The gnoll attacks as you move away! You block the gnoll's attack.
The gnoll attacks as you move away! The gnoll hits you but does no damage.
The gnoll attacks as you move away!
The gnoll hits you with a +0 flail of protection.
* * * LOW HITPOINT WARNING * * *
The gnoll attacks as you move away! You block the gnoll's attack.
The gnoll attacks as you move away! The gnoll hits you but does no damage.
You feel very mighty all of a sudden. You block the gnoll's attack.
The gnoll completely misses you. The gnoll closely misses you.
You closely miss the gnoll. The gnoll barely misses you.
The gnoll hits you with a +0 halberd.
* * * LOW HITPOINT WARNING * * *
You puncture the gnoll!
You kill the gnoll!
The gnoll hits you with a +0 flail of protection.
* * * LOW HITPOINT WARNING * * *
The gnoll barely misses you.
The gnoll hits you with a +0 flail of protection!
* * * LOW HITPOINT WARNING * * *
You closely miss the gnoll.
The gnoll hits you with a +0 flail of protection.
You die...

#....~≈~.#
#....~≈~.#
#....~~~.#
#.P..~~~)#
#....~≈÷.#
#....~≈).#
#....~≈~.#
#)...≈≈###+#
#.@.P≈≈#...########
#.g..~≈#.gg#.......
#....~≈#####~≈~~~~~
#....~≈≈≈≈≈≈≈≈≈≈≈≈≈
#P...~~~~~~≈~~~~~~~
#..................
##################.
#. #.


You could see a gnoll.

Vanquished Creatures
  2 howler monkeys (D:3)
  2 hounds (D:3)
  3 gnolls (D:3)
  2 adders (D:2)
  A worm (D:2)
  2 dart slugs
  2 orcs (D:3)
  3 bats
  3 endoplasms
  A giant cockroach (D:3)
  4 goblins
  4 hobgoblins
  12 jackals
  2 kobolds (D:2)
  6 ball pythons
  3 frilled lizards (D:2)
  3 rats
55 creatures vanquished.

Vanquished Creatures (others)
  A fungus (D:3)
  A plant (D:3)
2 creatures vanquished.

Grand Total: 57 creatures vanquished

Notes
Turn   | Place    | Note
-------+----------+-------------------------------------------
     0 | D:1      | meatpath the Gargoyle Fighter began the quest for the Orb.
     0 | D:1      | Reached XP level 1. HP: 14/14 MP: 1/1
     0 | D:1      | Upgraded the game from 0.30-b1-2-g02819fbbbe to
                  | 0.30-b1-5-g8e6c1be481
    79 | D:1      | Found a faded altar of an unknown god.
   291 | D:1      | Reached XP level 2. HP: 17/19 MP: 2/2
   654 | D:2      | Reached XP level 3. HP: 24/24 MP: 3/3
   878 | D:2      | Found an opulent altar of Gozag.
  1050 | D:2      | Identified the +0 leather armour of Arih {+Inv rN+ Regen+
                  | Stlth-}
  1375 | D:3      | Reached XP level 4. HP: 26/29 MP: 4/4
  1402 | D:3      | Identified the +5 short sword of Wounding {heavy, rC+ rN++}
  1756 | D:3      | Reached XP level 5. HP: 34/34 MP: 5/5
  1904 | D:3      | Reached XP level 6. HP: 28/40 MP: 6/6
  2054 | D:3      | HP: 1/40 [gnoll/+0 flail of protection (7)]
  2055 | D:3      | Slain by a gnoll

Illustrated notes

Levels and vault maps discovered:
D:1:      lightli_arrival_lavapool, layout_basic,
          hellmonk_ecumenical_altar_leap_of_faith,
          hangedman_abyss_or_decor_stabs
D:2:      layout_basic, basic_altar
D:3:      lemuel_castle_with_subvaults [lemuel_castle_interior_original],
          layout_rooms, patterned_corridor, uniq_grinder

Skill      XL: |  1  2  3  4 |
---------------+-------------+-----
Fighting       | 4 |  4.9
Maces & Flails | 3 |  3.7
Shields        | 4 |  4.8
Armour         | |  3.7

Action                     |  1- 3 |  4- 6 || total
---------------------------+-------+-------++-------
  Melee: Flail             |   108 |    15 ||   123
         Morningstar       |       |   102 ||   102
    Use: Scroll            |     3 |     2 ||     5
         Potion            |       |     1 ||     1
 Armour: Scale mail        |    46 |    93 ||   139
  Dodge: Dodged            |    55 |    67 ||   122
  Block: Buckler           |    25 |       ||    25
         Kite shield       |    11 |    88 ||    99
